Map: King's Cove LE

Players

WaRaX - Winner!

  • Race: Zerg Zerg
  • League: Master
  • Spawn Location: 11:00

Mez

  • Race: Terran Terran
  • League: Master
  • Spawn Location: 5:00

VOD

Have the link to the VOD?

Description

Time

  • Played on: Aug. 15, 2019, 3:41 p.m.
  • Length: 6:29
Show
View Real Time Build Order
Export as new Build Order

WaRaX Zerg - Winner!

Build Orders: Hatch First 

Get SALT Encoding   

  12  0:00  Drone  
  13  0:13  Overlord  
  13  0:19  Drone  
  14  0:32  Drone x2  
  14  0:35  Drone  
  17  0:56  Hatchery  
  16  0:57  Drone  
  16  1:01  Drone  
  18  1:11  Extractor  
  18  1:17  Spawning Pool  
  16  1:21  Drone  
  16  1:24  Drone  
  18  1:29  Drone  
  19  1:42  Overlord  
  19  2:05  Zergling x4  
  19  2:06  Queen  
  23  2:09  Drone, Queen  
  26  2:17  Metabolic Boost  
  26  2:18  Drone  
  27  2:23  Drone  
  27  2:27  Drone  
  29  2:39  Drone x2  
  29  2:55  Zergling x4  
  31  3:02  Overlord, Drone  
  31  3:05  Drone x2  
  34  3:10  Hatchery  
  34  3:12  Overlord  
  33  3:17  Drone x2  
  33  3:18  Drone  
  36  3:22  Drone  
  36  3:25  Spore Crawler  
  36  3:38  Drone x3  
  40  3:45  Drone x2, Extractor  
  40  3:46  Extractor  
  40  3:50  Roach Warren  
  40  3:51  Drone x3  
  42  3:59  Drone x4  
  46  4:11  Overlord  
  46  4:13  Drone  
  46  4:15  Overlord  
  46  4:16  Overlord  
  47  4:23  Queen  
  49  4:36  Roach x8  
  63  4:41  Roach x2  
  67  4:50  Queen  
  69  5:02  Zergling x2, Roach x2  
  69  5:03  Zergling x10  
  79  5:08  Overlord  
  74  5:20  Spore Crawler  
  63  5:23  Ravager x2  
  45  5:43  Ravager x3  
  45  5:48  Drone x5  
  50  6:07  Zergling x2  
  50  6:25  Ravager  
Show
View Real Time Build Order
Export as new Build Order

Mez Terran 

Build Orders: Liberator Opening, Reaper Expand 

Get SALT Encoding   

  12  0:00  SCV  
  13  0:13  SCV  
  14  0:18  Supply Depot  
  14  0:25  SCV  
  15  0:40  SCV  
  15  0:41  Barracks  
  16  0:47  Refinery  
  16  0:52  SCV  
  17  1:04  SCV  
  18  1:16  SCV  
  19  1:29  Orbital Command  
  19  1:31  Reaper  
  20  1:43  Command Center  
  20  1:52  Supply Depot  
  20  1:55  SCV  
  21  2:03  Marine  
  21  2:08  SCV  
  23  2:15  Factory  
  23  2:20  SCV  
  24  2:26  Barracks Reactor  
  24  2:54  SCV  
  24  2:57  Orbital Command  
  24  2:58  Command Center  
  25  3:03  Starport  
  25  3:08  Refinery  
  25  3:17  Hellion x2  
  25  3:19  SCV  
  30  3:31  Liberator  
  30  3:32  SCV x2  
  31  3:43  Hellion x2  
  31  3:44  SCV  
  36  3:49  SCV  
  36  3:51  Marine  
  41  4:00  SCV  
  41  4:02  SCV  
  43  4:07  Hellion  
  47  4:10  Hellion  
  47  4:12  SCV  
  47  4:13  Orbital Command  
  47  4:14  SCV  
  48  4:20  Barracks Tech Lab  
  48  4:25  SCV  
  48  4:26  SCV  
  49  4:39  SCV  
  49  4:40  SCV  
  51  4:50  Starport Reactor  
  51  4:53  Barracks  
  51  4:54  Orbital Command  
  51  4:55  SCV x2, Barracks  
  51  4:56  Factory Tech Lab  
  51  4:57  Supply Depot  
  51  4:59  Supply Depot  
  53  5:02  Marine  
  53  5:03  Engineering Bay x2  
  54  5:07  SCV  
  54  5:08  SCV  
  56  5:18  Siege Tank  
  51  5:40  SCV x2  
  51  5:41  Marine  
  50  5:47  Marine x2  
  50  5:50  Starport Reactor  
  50  5:52  Barracks x2  
  50  5:54  Marine x2  
  52  5:58  Marine  
  45  6:05  Marine x2  
Tags
 
Add a new tag
Caveats
  • Supply blocks, unpowered buildings, or Contaminate may cause inaccurate times.
  • Supply counts are checked every 10 seconds.